 Dungeon Crawl Stone Soup version 0.31.0 (webtiles) character file.

Game seed: 85565191001476473

223391 qw the Slayer (level 19, -1/139 HPs)
             Began as a Gargoyle Hunter on Jan 19, 2024.
             Was a High Priest of Okawaru.
             Killed from afar by an ironbound frostheart (26 damage)
             ... by creeping frost
             ... led by a vault warden
             ... on level 2 of the Vaults.
             The game lasted 00:06:07 (29866 turns).

qw the Slayer (Gargoyle Hunter)                    Turns: 29866, Time: 00:06:07

Health: -1/139     AC: 38    Str: 17    XL:     19   Next: 26%
Magic:  26/29      EV: 23    Int: 10    God:    Okawaru [*****.]
Gold:   806        SH:  0    Dex: 17    Spells: 18/18 levels left

rFire   + . .        y - +8 longbow (drain)
rCold   . . .        (shield currently unavailable)
rNeg    + . .        t - +4 ring mail {rF+}
rPois   inf          c - +2 helmet
rElec   +            e - +1 cloak
rCorr   +            x - +1 pair of gloves of the Accordion {rElec rCorr}
SInv    +            g - +1 pair of boots
Will    +....        b - amulet of regeneration
Stlth   ++           B - +5 ring of evasion
HPRegen 1.23/turn    s - ring of see invisible
MPRegen 0.21/turn

%: no passive effects
@: about to teleport, finesse-ful, frozen, flying, very slow
A: sickness immunity, AC +14, big wings, negative energy resistance 1,
electricity resistance, torment resistance 1, petrification resistance, clumsy
1, high MP 1, sturdy frame 1
}: 1/15 runes: decaying
a: Renounce Religion, Heroism, Finesse, Duel


You were on level 2 of the Vaults.
You worshipped Okawaru.
Okawaru was extremely pleased with you.
You visited 6 branches of the dungeon, and saw 31 of its levels.
You visited the Abyss 2 times.

You collected 3243 gold pieces.
You spent 2437 gold pieces at shops.


Innate Abilities, Weirdness & Mutations

You are immune to sickness and miasma.
Your stone body is resilient. (AC +14)
You are immune to poison.
Your large and strong wings let you fly.
You resist negative energy. (rN+)
You are resistant to electric shocks. (rElec)
You are resistant to unholy torment.
You are immune to petrification.
You are clumsy. (Dex -2)
You have an increased reservoir of magic. (+10% MP)
Your movements are slightly less encumbered by armour. (ER -2)


   Skills:
 + Level 21.9 Fighting
 - Level 20.0 Ranged Weapons
 - Level 14.0 Armour
 - Level 11.0 Dodging
 - Level 1.1 Stealth
 - Level 10.0 Invocations


You had 18 spell levels left.
You didn't know any spells.
Your spell library was empty.

Inventory:

Hand Weapons
 y - a +8 longbow of draining (weapon)
Armour
 c - a +2 helmet (worn)
 e - a +1 cloak (worn)
 f - a +1 troll leather armour {Snorg}
 g - a +1 pair of boots (worn)
 k - a +3 leather armour of cold resistance
 t - a +4 ring mail of fire resistance (worn)
 x - the +1 pair of gloves of the Accordion (worn) {rElec rCorr}
   (Okawaru gifted it to you on level 5 of the Lair of Beasts)

   rElec:     It insulates you from electricity.
   rCorr:     It protects you from acid and corrosion.
 z - a +2 pair of gloves
 C - the +2 helmet "Ostreduga" {-Cast +Blink Int-2 SInv}
   (You bought it in a shop on level 13 of the Dungeon)

   Int-2:     It affects your intelligence (-2).
   SInv:      It lets you see invisible.
   +Blink:    It lets you blink.
   -Cast:     It prevents spellcasting.
Jewellery
 b - an amulet of regeneration (around neck)
 s - a ring of see invisible (right hand)
 B - a +5 ring of evasion (left hand)
 Y - a +4 ring of protection
Wands
 a - a wand of paralysis (22)
 m - a wand of iceblast (52)
 o - a wand of quicksilver (4)
Scrolls
 d - 6 scrolls of teleportation
 j - 2 scrolls of identify
Potions
 h - 6 potions of enlightenment
 i - 7 potions of might
 l - a potion of cancellation
 n - 4 potions of curing
 p - 3 potions of heal wounds
 r - 5 potions of resistance
 u - a potion of haste
 v - 2 potions of magic
 w - 5 potions of mutation

Dungeon Overview and Level Annotations

Branches:
Dungeon (15/15)            Temple (0/1) D:7            Lair (5/5) D:11
  Swamp (4/4) Lair:3       Spider (3/4) Lair:2        Slime (0/5) Lair:4
    Orc (2/2) D:12            Elf (0/3) Orc:2        Vaults (2/5) D:14
 Depths (0/4) D:15
  Crypt: Vaults:2-3

Altars:
Ashenzari
Gozag
Hepliaklqana
Kikubaaqudgha
Makhleb
Nemelex Xobeh
Okawaru
Sif Muna
Trog
Uskayaw
Vehumet
Yredelemnul
Zin
Jiyva

Shops:
D:10 *   D:13 [   Orc:1 *:   Orc:2 ?:![

Annotations:
D:11 4 runed translucent doors
Swamp:3 2 transporters, Zatibaps's ghost, journeyman FeAl
Spider:1 1 runed translucent door, Beorghan's ghost, adept MiBe


Message History

The arrow completely misses the vault warden.
You shoot an arrow. The arrow hits the vault warden!
The vault warden is severely wounded.
The vault guard hits you with a +3 war axe!
The vault warden hits you with a +1 great mace of draining!
You shoot an arrow.
The arrow hits the vault warden but does no damage.
The vault warden is severely wounded.
You shoot an arrow. The arrow hits the vault warden!!
You kill the vault warden!
Okawaru accepts your kill. The vault guard barely misses you.
The ironbound frostheart calls freezing cold from the walls.
The frost grips you!
You are encased in ice.
You shoot an arrow. The arrow hits the vault guard!
You drain the vault guard.
The vault guard is heavily wounded.
You shoot an arrow. The arrow hits the vault guard!!
You drain the vault guard.
The vault guard is almost dead.
You shoot an arrow.
The arrow barely misses the vault guard.
The vault guard hits you with a +3 war axe.
You shoot an arrow. The arrow hits the vault guard!!
You kill the vault guard!
Okawaru accepts your kill.
You shoot an arrow.
The arrow hits the ironbound frostheart!
The ironbound frostheart is heavily wounded.
You shoot an arrow.
The arrow hits the ironbound frostheart!!
You drain the ironbound frostheart.
The ironbound frostheart is almost dead.
The ironbound frostheart calls freezing cold from the walls.
The frost grips you!!
29866 ||| READING 7 scrolls of teleportation.
As you read the scroll of teleportation, it crumbles to dust.
You feel strangely unstable.
The ironbound frostheart calls freezing cold from the walls.
The frost grips you!!
You die...

.[).#############
##..............#
#..............#
#..............#
#..............########
#......................
#......................
#......................
#.....#######..@p......
#...### ###.)......
...# ##....... .......
....... ....... .......
.......


You could see an ironbound frostheart (drained).

Vanquished Creatures
  A lich (Abyss:1)
  3 tentacled starspawn
  4 emperor scorpions
  A deep elf sorcerer (Abyss:3)
  Louise (Swamp:2)
  3 vault wardens
  A deep elf elementalist (Abyss:1)
  2 ironbound preservers
  3 orc warlords
  An ironbound thunderhulk (Vaults:1)
  Nessos (Lair:4)
  4 eleionomae
  3 bunyips
  3 dire elephants (Vaults:1)
  A spark wasp (Spider:3)
  Snorg (Lair:4)
  A blizzard demon (Abyss:3)
  4 fire dragons
  A shambling mangrove (Swamp:3)
  2 vault guards (Vaults:2)
  4 entropy weavers
  A great orb of eyes (Vaults:1)
  4 yaktaur captains
  Harold (Orc:1)
  2 ghost crabs
  Erolcha (D:12)
  A catoblepas (Lair:3)
  7 alligators
  4 ironbound frosthearts
  3 ogre magi
  8 centaur warriors
  15 hydras
  A radroach (Spider:1)
  11 two-headed ogres
  11 death yaks
  7 hell hogs
  4 thrashing horrors
  4 boulder beetles
  12 demonic crawlers
  2 tengu warriors
  Nergalle (Orc:2)
  A wretched star (Abyss:3)
  3 skeletal warriors (D:11)
  A spatial maelstrom (Abyss:2)
  A death drake (Swamp:1)
  7 pharaoh ants
  3 goliath frogs
  5 deep trolls
  3 arcanists
  3 spriggan druids
  5 swamp dragons
  7 bog bodies
  5 orb spiders
  6 lindwurms (Swamp:4)
  Pikel (D:5)
  3 steelbarb worms
  5 ironbound convokers (Vaults:1)
  4 deep elf pyromancers
  7 wolf spider zombies (Spider:2)
  3 harpies (Vaults:1)
  A bunyip skeleton (Abyss:1)
  2 necromancers
  8 orc sorcerers (Orc:2)
  7 orc knights
  5 ugly things
  3 cyclopes
  13 wolf spiders
  8 will-o-the-wisps
  3 moths of wrath
  A manticore (D:13)
  12 elephants
  3 black mambas
  5 cane toads
  3 kobold blastminers (Orc:2)
  5 vault sentinels (Vaults:1)
  A smoke demon (Abyss:1)
  5 large abominations
  A gargoyle (D:8)
  5 torpor snails
  An unseen horror (shapeshifter) (D:15)
  An unseen horror (D:10)
  Jeremiah (Lair:1)
  3 rime drakes
  An efreet (Abyss:1)
  6 komodo dragons
  13 yaktaurs
  2 tengu conjurers
  A freezing wraith (Abyss:2)
  A troll (shapeshifter) (D:15)
  8 redback zombies (Spider:2)
  An ancient zyme (Abyss:2)
  A harpy zombie (Abyss:1)
  2 bloated husks
  5 polar bears
  6 trolls
  18 hornets
  A wolf spider simulacrum (D:15)
  4 tyrant leeches
  16 tarantellas
  9 culicivora zombies (Spider:2)
  Grinder (D:4)
  7 raiju (Abyss:3)
  6 dream sheep (Lair:3)
  13 slime creatures
  6 tarantella zombies (Spider:2)
  A jumping spider (shapeshifter) (D:15)
  9 blink frogs
  2 centaur simulacra
  2 vampires
  14 culicivoras
  25 jumping spiders
  21 spriggans
  4 wyverns
  7 wraiths
  A shadow (D:11)
  A ynoxinul (Abyss:2)
  31 yaks
  3 fire bats (Lair:3)
  2 humans (shapeshifter)
  Eustachio (D:5)
  4 basilisks
  21 vampire mosquitoes
  54 redbacks
  A warg (Orc:1)
  2 steam dragons
  A neqoxec (Abyss:1)
  4 small abominations
  3 acid dragons
  21 swamp worms
  11 water moccasins
  13 orc warriors
  7 swamp drakes
  4 black bears (Lair:5)
  2 ice beasts (D:6)
  13 ogres
  26 wolves
  2 laughing skulls
  9 boggarts
  17 centaurs
  A phantom (D:5)
  A weeping skull (Abyss:1)
  A kobold brigand (D:9)
  2 brain worms (Abyss:1)
  Blork the orc (D:5)
  11 bullfrogs
  3 scorpions
  3 gnoll sergeants
  An earth elemental (Abyss:1)
  4 wights (D:9)
  8 killer bees
  A troll zombie (Swamp:3)
  2 electric eels (Lair:3)
  2 howler monkeys (D:12)
  2 troll skeletons (Swamp:3)
  A lava snake (Swamp:4)
  3 bombardier beetles
  A crimson imp (D:12)
  3 jellies (Lair:4)
  2 hounds
  14 orc priests
  An iron imp (Abyss:1)
  2 sleepcaps (D:6)
  3 iguanas
  42 orc wizards
  Robin (D:4)
  15 gnolls
  4 adders
  2 shadow imps
  6 ufetubi
  4 dart slugs
  3 ribbon worms
  87 orcs
  4 bats (D:1)
  13 endoplasms
  4 giant cockroaches
  18 goblins
  7 hobgoblins
  2 jackals (D:3)
  10 kobolds
  3 quokkas
  6 ball pythons
  5 frilled lizards
  5 rats
  2 starspawn tentacles (Abyss:1)
1098 creatures vanquished.

Vanquished Creatures (others)
  An elephant (D:11)
  A bloated husk (Swamp:3)
  A redback (Spider:3)
  A swamp drake (Swamp:4)
  An orc (Orc:1)
  16 foxfires
  4 starspawn tentacles (Abyss:1)
25 creatures vanquished.

Grand Total: 1123 creatures vanquished

Notes
Turn   | Place    | Note
-------+----------+-------------------------------------------
     0 | D:1      | qw the Gargoyle Hunter began the quest for the Orb.
     0 | D:1      | Reached XP level 1. HP: 12/12 MP: 1/1
     0 | D:1      | 0 ||| qw: Version: 0.3-a-132-g3d54051
     0 | D:1      | 0 ||| qw: Game counter: 54
     0 | D:1      | 0 ||| qw: Melee chars always use a shield: true
     0 | D:1      | 0 ||| qw: God list: Okawaru
     0 | D:1      | 0 ||| qw: Allow faded altars: false
     0 | D:1      | 0 ||| qw: Do Orc after clearing Dungeon:15 true
     0 | D:1      | 0 ||| qw: Do second Lair branch before Depths: true
     0 | D:1      | 0 ||| qw: Lair rune preference: random
     0 | D:1      | 0 ||| qw: Goals: Normal
     0 | D:1      | 0 ||| PLANNING D:1-11
    43 | D:1      | Reached XP level 2. HP: 14/17 MP: 2/2
   107 | D:1      | You fall into a shaft and drop 1 floor!
   149 | D:2      | 149 ||| FLEEEEING.
   155 | D:2      | 155 ||| STAIRDANCE
   440 | D:1      | Reached XP level 3. HP: 21/21 MP: 3/3
   577 | D:1      | Found a faded altar of an unknown god.
   673 | D:1      | 673 ||| READING 2 scrolls labelled SAIL UM JUBOOX.
   678 | D:1      | 678 ||| READING 2 scrolls labelled TAITWE ESHREICK.
   678 | D:1      | 678 ||| IDENTIFYING scroll labelled TURAEX HINYME
   679 | D:1      | 679 ||| DROPPING scroll of butterflies.
   760 | D:2      | 760 ||| FLEEEEING.
  1080 | D:2      | Reached skill level 3 in Fighting
  1109 | D:2      | Reached XP level 4. HP: 26/28 MP: 4/4
  1145 | D:2      | Found the +1 Delatra's gloves {ID++}
  1350 | D:2      | 1350 ||| UPGRADING to +0 ring mail.
  1360 | D:2      | 1360 ||| DROPPING +0 leather armour.
  1361 | D:2      | 1361 ||| UPGRADING to +1 Delatra's gloves {ID++}.
  1366 | D:2      | 1366 ||| READING 2 scrolls of identify.
  1366 | D:2      | 1366 ||| IDENTIFYING coppery potion
  1367 | D:2      | 1367 ||| READING scroll of identify.
  1367 | D:2      | 1367 ||| IDENTIFYING fuming yellow potion
  1368 | D:2      | 1368 ||| READING scroll labelled HIOGAKHL COTHRE.
  1369 | D:2      | 1369 ||| READING scroll labelled WAIPSI PADOTU.
  1370 | D:2      | 1370 ||| READING scroll labelled AHIRCH EJUDIMEI.
  1370 | D:2      | 1370 ||| ENCHANTING +0 shortbow.
  1371 | D:2      | 1371 ||| DROPPING potion of brilliance.
  1412 | D:3      | 1412 ||| DRINKING glowing pink potion.
  1433 | D:3      | Reached skill level 1 in Armour
  1433 | D:3      | Reached XP level 5. HP: 32/32 MP: 5/5
  1459 | D:3      | 1459 ||| FLEEEEING.
  1467 | D:3      | 1467 ||| STAIRDANCE
  1620 | D:3      | 1620 ||| FLEEEEING.
  1713 | D:3      | Found a burning altar of Makhleb.
  1743 | D:3      | Found a hazy altar of Hepliaklqana.
  1824 | D:3      | Reached skill level 6 in Ranged Weapons
  1945 | D:3      | 1945 ||| READING scroll of identify.
  1945 | D:3      | 1945 ||| IDENTIFYING cyan potion
  1946 | D:3      | 1946 ||| READING scroll labelled LASYUT QUET.
  1947 | D:3      | 1947 ||| READING scroll labelled MAMPACRI PUZORA.
  1947 | D:3      | 1947 ||| BRANDING +1 shortbow.
  2007 | D:4      | Found a broken altar of Ashenzari.
  2019 | D:4      | Reached skill level 4 in Fighting
  2019 | D:4      | Reached XP level 6. HP: 38/38 MP: 6/6
  2022 | D:4      | Noticed Robin
  2044 | D:4      | Killed Robin
  2336 | D:4      | Found a bloodstained altar of Trog.
  2339 | D:4      | Found a glowing silver altar of Zin.
  2344 | D:4      | Found a basalt altar of Yredelemnul.
  2435 | D:4      | Found a hide-covered altar of Uskayaw.
  2559 | D:4      | Noticed Grinder
  2560 | D:4      | Paralysed by Grinder for 2 turns
  2564 | D:4      | Paralysed by Grinder for 5 turns
  2574 | D:4      | Paralysed by Grinder for 5 turns
  2583 | D:4      | Killed Grinder
  2584 | D:4      | Reached XP level 7. HP: 28/43 MP: 7/7
  2584 | D:4      | 2584 ||| FLEEEEING.
  2769 | D:4      | 2769 ||| UPGRADING to +0 helmet.
  2774 | D:4      | 2774 ||| UPGRADING to +1 cloak.
  2779 | D:4      | 2779 ||| READING scroll of enchant armour.
  2779 | D:4      | 2779 ||| ENCHANTING +0 helmet.
  2816 | D:5      | Entered Level 5 of the Dungeon
  2893 | D:5      | Identified the +0 leather armour "Xuwo Mia" {rC+ Stlth+}
  2920 | D:5      | Noticed Eustachio
  2926 | D:5      | Killed Eustachio
  2959 | D:5      | Reached skill level 5 in Fighting
  2959 | D:5      | Reached XP level 8. HP: 48/49 MP: 8/8
  3027 | D:5      | Noticed Blork the orc
  3034 | D:5      | Killed Blork the orc
  3102 | D:5      | Noticed Pikel
  3103 | D:5      | 3103 ||| RETREEEEATING.
  3105 | D:5      | 3105 ||| RETREEEEATING.
  3116 | D:5      | Killed Pikel
  3117 | D:5      | Reached skill level 9 in Ranged Weapons
  3117 | D:5      | 3117 ||| FLEEEEING.
  3302 | D:5      | Reached skill level 3 in Armour
  3302 | D:5      | 3302 ||| FLEEEEING.
  3542 | D:5      | 3542 ||| UPGRADING to +0 leather armour "Xuwo Mia" {rC+
                  | Stlth+}.
  3552 | D:5      | 3552 ||| DROPPING +0 ring mail.
  3553 | D:5      | 3553 ||| UPGRADING to +2 robe of willpower.
  3563 | D:5      | 3563 ||| READING 3 scrolls of identify.
  3563 | D:5      | 3563 ||| IDENTIFYING scroll labelled XAINAOLAS
  3564 | D:5      | 3564 ||| READING 2 scrolls of identify.
  3564 | D:5      | 3564 ||| IDENTIFYING scroll labelled JYMIECSABIANE
  3565 | D:5      | 3565 ||| DROPPING scroll of fog.
  3566 | D:5      | 3566 ||| DROPPING scroll of blinking.
  3626 | D:6      | Reached XP level 9. HP: 55/55 MP: 9/9
  3630 | D:6      | Reached skill level 6 in Fighting
  3645 | D:6      | Found a shimmering blue altar of Sif Muna.
  3731 | D:6      | 3731 ||| READING scroll of enchant weapon.
  3731 | D:6      | 3731 ||| ENCHANTING +1 shortbow of draining.
  3798 | D:6      | Found an iron altar of Okawaru.
  3799 | D:6      | 3799 ||| PLANNING OKAWARU WORSHIP
  3799 | D:6      | 3799 ||| DROPPING +0 leather armour "Xuwo Mia" {rC+
                  | Stlth+}.
  3800 | D:6      | 3800 ||| UPGRADING to +2 robe of resistance.
  3810 | D:6      | 3810 ||| UPGRADING to amulet of regeneration.
  3815 | D:6      | 3815 ||| READING 3 scrolls of identify.
  3815 | D:6      | 3815 ||| IDENTIFYING fuming cyan potion
  3816 | D:6      | 3816 ||| DROPPING wand of flame (8).
  3828 | D:6      | Reached skill level 3 in Dodging
  3828 | D:6      | 3828 ||| FLEEEEING.
  3837 | D:6      | Became a worshipper of Warmaster Okawaru
  3838 | D:6      | 3838 ||| PLANNING D:1-11
  4017 | D:6      | 4017 ||| READING scroll of brand weapon.
  4017 | D:6      | 4017 ||| BRANDING +2 shortbow of draining.
  4085 | D:7      | Reached skill level 7 in Fighting
  4154 | D:7      | 4154 ||| SWAPPING to +0 orcbow.
  4155 | D:7      | 4155 ||| DROPPING +2 shortbow of freezing.
  4252 | D:7      | Found a staircase to the Ecumenical Temple.
  4739 | D:8      | Noticed a hornet
  4740 | D:8      | 4740 ||| ZAPPING wand of paralysis (8) at -5,-1 (hornet;
                  | floor).
  4741 | D:8      | 4741 ||| ZAPPING wand of paralysis (7) at -3,-1 (hornet;
                  | floor).
  4754 | D:8      | Killed a hornet
  4778 | D:8      | 4778 ||| RETREEEEATING.
  4781 | D:8      | Reached * piety under Okawaru
  4785 | D:8      | 4785 ||| RETREEEEATING.
  4786 | D:8      | 4786 ||| RETREEEEATING.
  4787 | D:8      | 4787 ||| RETREEEEATING.
  4801 | D:8      | Reached skill level 1 in Invocations
  4815 | D:8      | Reached skill level 8 in Fighting
  4815 | D:8      | Reached XP level 10. HP: 53/64 MP: 10/12
  4825 | D:8      | 4825 ||| FLEEEEING.
  4860 | D:8      | Noticed a gargoyle
  4861 | D:8      | 4861 ||| INVOKING Heroism.
  4868 | D:8      | Reached skill level 3 in Invocations
  4879 | D:8      | 4879 ||| INVOKING Heroism.
  4881 | D:8      | Killed a gargoyle
  5003 | D:8      | 5003 ||| DRINKING 2 potions of curing.
  5003 | D:8      | 5003 ||| (to cure confusion)
  5017 | D:8      | 5017 ||| DRINKING potion of curing.
  5017 | D:8      | 5017 ||| (to cure confusion)
  5030 | D:8      | 5030 ||| FLEEEEING.
  5091 | D:8      | 5091 ||| RETREEEEATING.
  5094 | D:8      | 5094 ||| RETREEEEATING.
  5095 | D:8      | 5095 ||| RETREEEEATING.
  5332 | D:8      | 5332 ||| DROPPING +1 pair of gloves.
  5333 | D:8      | 5333 ||| READING 3 scrolls of identify.
  5333 | D:8      | 5333 ||| IDENTIFYING silvery potion
  5334 | D:8      | 5334 ||| DROPPING potion of berserk rage.
  5358 | D:9      | 5358 ||| RETREEEEATING.
  5359 | D:9      | 5359 ||| RETREEEEATING.
  5369 | D:9      | Reached ** piety under Okawaru
  5377 | D:9      | Reached skill level 12 in Ranged Weapons
  5386 | D:9      | 5386 ||| FLEEEEING.
  5388 | D:9      | 5388 ||| STAIRDANCE
  5443 | D:9      | 5443 ||| RETREEEEATING.
  5445 | D:9      | 5445 ||| RETREEEEATING.
  5449 | D:9      | 5449 ||| RETREEEEATING.
  5450 | D:9      | 5450 ||| RETREEEEATING.
  5451 | D:9      | 5451 ||| RETREEEEATING.
  5452 | D:9      | 5452 ||| RETREEEEATING.
  5453 | D:9      | 5453 ||| RETREEEEATING.
  5454 | D:9      | 5454 ||| RETREEEEATING.
  5455 | D:9      | 5455 ||| RETREEEEATING.
  5464 | D:9      | 5464 ||| RETREEEEATING.
  5465 | D:9      | 5465 ||| RETREEEEATING.
  5469 | D:9      | 5469 ||| INVOKING Heroism.
  5659 | D:9      | Reached *** piety under Okawaru
  5672 | D:9      | 5672 ||| FLEEEEING.
  5831 | D:9      | 5831 ||| READING scroll of brand weapon.
  5831 | D:9      | 5831 ||| BRANDING +0 orcbow.
  5835 | D:9      | Noticed a two-headed ogre
  5836 | D:9      | 5836 ||| INVOKING Heroism.
  5841 | D:9      | Killed a two-headed ogre
  5974 | D:9      | Found an opulent altar of Gozag.
  6144 | D:9      | Reached XP level 11. HP: 69/69 MP: 14/14
  6181 | D:9      | 6181 ||| READING scroll of enchant armour.
  6181 | D:9      | 6181 ||| ENCHANTING +1 helmet.
  6196 | D:9      | Found a sparkling altar of Nemelex Xobeh.
  6235 | D:9      | 6235 ||| FLEEEEING.
  6236 | D:9      | 6236 ||| FLEEEEING.
  6241 | D:9      | 6241 ||| FLEEEEING.
  6242 | D:9      | 6242 ||| FLEEEEING.
  6243 | D:9      | 6243 ||| FLEEEEING.
  6244 | D:9      | 6244 ||| FLEEEEING.
  6245 | D:9      | 6245 ||| FLEEEEING.
  6246 | D:9      | 6246 ||| FLEEEEING.
  6247 | D:9      | 6247 ||| STAIRDANCE
  6258 | D:8      | 6258 ||| READING 3 scrolls of identify.
  6258 | D:8      | 6258 ||| IDENTIFYING scroll labelled MOUXOAV SUYMOT
  6259 | D:8      | 6259 ||| DROPPING scroll of fear.
  6266 | D:9      | 6266 ||| STAIRDANCE
  6272 | D:8      | Reached skill level 9 in Fighting
  6276 | D:9      | 6276 ||| STAIRDANCE
  6573 | D:10     | Entered Level 10 of the Dungeon
  6638 | D:10     | Reached **** piety under Okawaru
  6699 | D:10     | Noticed a two-headed ogre
  6700 | D:10     | 6700 ||| INVOKING Finesse.
  6706 | D:10     | Killed a two-headed ogre
  6849 | D:10     | Found Vaot's Assorted Antiques.
  6858 | D:10     | 6858 ||| BUYING 2 smoky amethyst potions (41 gold).
  6858 | D:10     | Bought 2 smoky amethyst potions for 41 gold pieces
  6858 | D:10     | 6858 ||| BUYING 3 bubbling inky potions (62 gold).
  6858 | D:10     | Bought 3 bubbling inky potions for 62 gold pieces
  6858 | D:10     | 6858 ||| BUYING diamond ring (115 gold).
  6858 | D:10     | Bought a diamond ring for 115 gold pieces
  6858 | D:10     | 6858 ||| BUYING inky potion (20 gold).
  6858 | D:10     | Bought an inky potion for 20 gold pieces
  6858 | D:10     | 6858 ||| BUYING potion of curing (69 gold).
  6858 | D:10     | Bought a potion of curing for 69 gold pieces
  6858 | D:10     | 6858 ||| BUYING runed ring mail (161 gold).
  6858 | D:10     | Bought a runed ring mail for 161 gold pieces
  6858 | D:10     | 6858 ||| BUYING scroll labelled WOFIESE ZAOGUD (23 gold).
  6858 | D:10     | Bought a scroll labelled WOFIESE ZAOGUD for 23 gold pieces
  6858 | D:10     | 6858 ||| BUYING smoky amethyst potion (20 gold).
  6858 | D:10     | Bought a smoky amethyst potion for 20 gold pieces
  7084 | D:10     | 7084 ||| Stepping randomly (disturbance).
  7087 | D:10     | 7087 ||| FLEEEEING.
  7489 | D:10     | 7489 ||| DROPPING +2 robe of willpower.
  7490 | D:10     | 7490 ||| UPGRADING to +4 ring mail of fire resistance.
  7500 | D:10     | 7500 ||| DROPPING +2 robe of resistance.
  7501 | D:10     | 7501 ||| UPGRADING to +4 ring of protection.
  7502 | D:10     | 7502 ||| READING 2 scrolls of identify.
  7502 | D:10     | 7502 ||| IDENTIFYING inky potion
  7503 | D:10     | 7503 ||| READING scroll of identify.
  7503 | D:10     | 7503 ||| IDENTIFYING 2 bubbling silvery potions
  7504 | D:10     | 7504 ||| READING scroll labelled WOFIESE ZAOGUD.
  7505 | D:10     | 7505 ||| DRINKING 3 smoky amethyst potions.
  7506 | D:10     | 7506 ||| DRINKING 3 bubbling inky potions.
  7507 | D:10     | 7507 ||| DRINKING potion of curing.
  7507 | D:10     | 7507 ||| (to cure confusion)
  7508 | D:10     | 7508 ||| DROPPING 2 potions of attraction.
  7509 | D:10     | 7509 ||| DROPPING 2 potions of ambrosia.
  7520 | D:11     | Noticed a two-headed ogre
  7521 | D:11     | 7521 ||| INVOKING Finesse.
  7522 | D:11     | 7522 ||| INVOKING Finesse.
  7529 | D:11     | Killed a two-headed ogre
  7553 | D:11     | 7553 ||| STAIRDANCE
  7580 | D:11     | Noticed a skeletal warrior
  7581 | D:11     | 7581 ||| INVOKING Finesse.
  7586 | D:11     | Noticed a skeletal warrior
  7591 | D:11     | Killed a skeletal warrior
  7603 | D:11     | Killed a skeletal warrior
  7621 | D:11     | 7621 ||| FLEEEEING.
  7668 | D:11     | Noticed a two-headed ogre
  7669 | D:11     | 7669 ||| INVOKING Finesse.
  7678 | D:11     | Killed a two-headed ogre
  7679 | D:11     | Reached skill level 6 in Invocations
  7773 | D:11     | Reached ***** piety under Okawaru
  7773 | D:11     | Noticed a skeletal warrior
  7774 | D:11     | 7774 ||| FLEEEEING.
  7775 | D:11     | 7775 ||| FLEEEEING.
  7776 | D:11     | 7776 ||| FLEEEEING.
  7777 | D:11     | 7777 ||| FLEEEEING.
  7778 | D:11     | 7778 ||| FLEEEEING.
  7779 | D:11     | 7779 ||| FLEEEEING.
  7780 | D:11     | 7780 ||| ZAPPING wand of quicksilver (11) at 7,-7 (skeletal
                  | warrior; floor).
  7781 | D:11     | 7781 ||| ZAPPING wand of quicksilver (10) at 6,-6 (skeletal
                  | warrior; floor).
  7782 | D:11     | 7782 ||| ZAPPING wand of quicksilver (9) at 5,-5 (skeletal
                  | warrior; floor).
  7783 | D:11     | 7783 ||| INVOKING Finesse.
  7794 | D:11     | Killed a skeletal warrior
  7837 | D:11     | Found a sparkling altar of Nemelex Xobeh.
  7840 | D:11     | Received a gift from Okawaru
  7848 | D:11     | Reached skill level 10 in Fighting
  7848 | D:11     | Reached XP level 12. HP: 77/77 MP: 17/17
  7880 | D:11     | HP: 17/77 [cyclops/large rock (23)]
  7881 | D:11     | 7881 ||| READING 4 scrolls of teleportation.
  7889 | D:11     | 7889 ||| FLEEEEING.
  7895 | D:11     | 7895 ||| STAIRDANCE
  8103 | D:11     | Found a runed translucent door.
  8103 | D:11     | Noticed a spriggan air mage
  8106 | D:11     | Noticed a spark wasp
  8107 | D:11     | Found a runed translucent door.
  8107 | D:11     | Found the +5 Storm Queen's Shield {shock, Fly rElec}
  8126 | D:11     | 8126 ||| FLEEEEING.
  8127 | D:11     | 8127 ||| FLEEEEING.
  8128 | D:11     | 8128 ||| FLEEEEING.
  8129 | D:11     | 8129 ||| FLEEEEING.
  8130 | D:11     | 8130 ||| FLEEEEING.
  8131 | D:11     | 8131 ||| FLEEEEING.
  8132 | D:11     | 8132 ||| FLEEEEING.
  8134 | D:11     | 8134 ||| FLEEEEING.
  8177 | D:11     | Noticed a storm dragon
  8179 | D:11     | Found a runed translucent door.
  8332 | D:11     | 8332 ||| FLEEEEING.
  8381 | D:11     | Found a staircase to the Lair.
  8448 | D:11     | Found a runed translucent door.
  8640 | D:11     | 8640 ||| PLANNING LAIR
  8640 | D:11     | 8640 ||| READING scroll of identify.
  8640 | D:11     | 8640 ||| IDENTIFYING scroll labelled CUROGO DESHRUO
  8641 | D:11     | 8641 ||| DROPPING scroll of vulnerability.
  8687 | Lair:1   | Entered Level 1 of the Lair of Beasts
  8694 | Lair:1   | Noticed Jeremiah
  8729 | Lair:1   | Killed Jeremiah
  9403 | Lair:1   | Reached skill level 9 in Invocations
  9481 | Lair:1   | 9481 ||| UPGRADING to +0 pair of boots.
  9486 | Lair:1   | 9486 ||| READING 2 scrolls of identify.
  9486 | Lair:1   | 9486 ||| IDENTIFYING emerald potion
  9487 | Lair:1   | 9487 ||| READING scroll of identify.
  9487 | Lair:1   | 9487 ||| IDENTIFYING 3 scrolls labelled BUINOI JEFAE
  9488 | Lair:1   | 9488 ||| DROPPING potion of lignification.
  9489 | Lair:1   | 9489 ||| DROPPING 3 scrolls of silence.
  9509 | Lair:2   | 9509 ||| STAIRDANCE
  9595 | Lair:2   | Found a hole to the Spider Nest.
  9702 | Lair:2   | 9702 ||| FLEEEEING.
  9736 | Lair:2   | Found a frozen archway.
  9737 | Lair:2   | Noticed a four-headed hydra
  9738 | Lair:2   | 9738 ||| ZAPPING wand of quicksilver (8) at -3,-5
                  | (four-headed hydra; floor).
  9739 | Lair:2   | 9739 ||| INVOKING Finesse.
  9746 | Lair:2   | Killed a four-headed hydra
  9747 | Lair:2   | Reached skill level 6 in Armour
  9953 | Lair:2   | Identified the +7 flail "Nozug" {pain, Will++}
 10077 | Lair:2   | Noticed a death yak
 10077 | Lair:2   | Noticed a death yak
 10078 | Lair:2   | 10078 ||| RETREEEEATING.
 10079 | Lair:2   | 10079 ||| RETREEEEATING.
 10080 | Lair:2   | 10080 ||| RETREEEEATING.
 10081 | Lair:2   | Noticed a death yak
 10082 | Lair:2   | 10082 ||| RETREEEEATING.
 10083 | Lair:2   | Noticed a death yak
 10084 | Lair:2   | 10084 ||| RETREEEEATING.
 10085 | Lair:2   | 10085 ||| INVOKING Finesse.
 10092 | Lair:2   | Noticed a death yak
 10093 | Lair:2   | 10093 ||| RETREEEEATING.
 10093 | Lair:2   | Noticed a death yak
 10095 | Lair:2   | Killed a death yak
 10095 | Lair:2   | Received a gift from Okawaru
 10099 | Lair:2   | Killed a death yak
 10104 | Lair:2   | Killed a death yak
 10105 | Lair:2   | Reached skill level 15 in Ranged Weapons
 10105 | Lair:2   | HP: 19/77 [death yak (13)]
 10106 | Lair:2   | 10106 ||| READING 6 scrolls of teleportation.
 10112 | Lair:2   | 10112 ||| FLEEEEING.
 10125 | Lair:2   | 10125 ||| FLEEEEING.
 10311 | Lair:2   | 10311 ||| RETREEEEATING.
 10313 | Lair:2   | 10313 ||| RETREEEEATING.
 10314 | Lair:2   | 10314 ||| INVOKING Finesse.
 10323 | Lair:2   | Killed a death yak
 10333 | Lair:2   | Killed a death yak
 10342 | Lair:2   | Killed a death yak
 10499 | Lair:3   | Noticed a catoblepas
 10502 | Lair:3   | 10502 ||| RETREEEEATING.
 10504 | Lair:3   | 10504 ||| RETREEEEATING.
 10505 | Lair:3   | 10505 ||| RETREEEEATING.
 10506 | Lair:3   | 10506 ||| INVOKING Finesse.
 10515 | Lair:3   | Killed a catoblepas
 10518 | Lair:3   | Reached XP level 13. HP: 61/82 MP: 15/20
 10684 | Lair:3   | Found a staircase to the Swamp.
 10752 | Lair:3   | 10752 ||| RETREEEEATING.
 10753 | Lair:3   | 10753 ||| RETREEEEATING.
 10758 | Lair:3   | Reached skill level 11 in Fighting
 10872 | Lair:3   | 10872 ||| RETREEEEATING.
 10873 | Lair:3   | 10873 ||| RETREEEEATING.
 10886 | Lair:3   | 10886 ||| RETREEEEATING.
 10887 | Lair:3   | 10887 ||| RETREEEEATING.
 10889 | Lair:3   | 10889 ||| RETREEEEATING.
 10890 | Lair:3   | 10890 ||| RETREEEEATING.
 10891 | Lair:3   | 10891 ||| RETREEEEATING.
 10892 | Lair:3   | 10892 ||| RETREEEEATING.
 10895 | Lair:3   | 10895 ||| INVOKING Finesse.
 10896 | Lair:3   | 10896 ||| ZAPPING wand of quicksilver (7) at -3,-1 (polar
                  | bear; floor).
 10897 | Lair:3   | 10897 ||| ZAPPING wand of quicksilver (6) at -2,-1 (polar
                  | bear; floor).
 10898 | Lair:3   | 10898 ||| ZAPPING wand of quicksilver (5) at -2,-1 (polar
                  | bear; floor).
 10990 | Lair:3   | 10990 ||| RETREEEEATING.
 10996 | Lair:3   | 10996 ||| RETREEEEATING.
 10997 | Lair:3   | 10997 ||| RETREEEEATING.
 10999 | Lair:3   | 10999 ||| RETREEEEATING.
 11000 | Lair:3   | 11000 ||| RETREEEEATING.
 11001 | Lair:3   | 11001 ||| RETREEEEATING.
 11002 | Lair:3   | 11002 ||| RETREEEEATING.
 11003 | Lair:3   | 11003 ||| RETREEEEATING.
 11005 | Lair:3   | 11005 ||| RETREEEEATING.
 11006 | Lair:3   | 11006 ||| RETREEEEATING.
 11007 | Lair:3   | 11007 ||| RETREEEEATING.
 11008 | Lair:3   | 11008 ||| RETREEEEATING.
 11009 | Lair:3   | 11009 ||| RETREEEEATING.
 11010 | Lair:3   | 11010 ||| RETREEEEATING.
 11011 | Lair:3   | 11011 ||| RETREEEEATING.
 11039 | Lair:3   | Received a gift from Okawaru
 11091 | Lair:3   | 11091 ||| RETREEEEATING.
 11092 | Lair:3   | 11092 ||| FLEEEEING.
 11093 | Lair:3   | 11093 ||| FLEEEEING.
 11094 | Lair:3   | 11094 ||| FLEEEEING.
 11095 | Lair:3   | 11095 ||| FLEEEEING.
 11096 | Lair:3   | 11096 ||| FLEEEEING.
 11097 | Lair:3   | 11097 ||| FLEEEEING.
 11098 | Lair:3   | 11098 ||| FLEEEEING.
 11099 | Lair:3   | 11099 ||| FLEEEEING.
 11100 | Lair:3   | 11100 ||| FLEEEEING.
 11101 | Lair:3   | 11101 ||| FLEEEEING.
 11102 | Lair:3   | 11102 ||| FLEEEEING.
 11103 | Lair:3   | 11103 ||| FLEEEEING.
 11104 | Lair:3   | 11104 ||| FLEEEEING.
 11105 | Lair:3   | 11105 ||| FLEEEEING.
 11106 | Lair:3   | 11106 ||| FLEEEEING.
 11107 | Lair:3   | 11107 ||| FLEEEEING.
 11108 | Lair:3   | 11108 ||| FLEEEEING.
 11109 | Lair:3   | 11109 ||| FLEEEEING.
 11110 | Lair:3   | 11110 ||| FLEEEEING.
 11111 | Lair:3   | 11111 ||| FLEEEEING.
 11112 | Lair:3   | 11112 ||| FLEEEEING.
 11113 | Lair:3   | 11113 ||| STAIRDANCE
 11119 | Lair:2   | 11119 ||| STAIRDANCE
 11222 | Lair:1   | 11222 ||| DROPPING +2 leather armour of cold resistance.
 11363 | Lair:3   | 11363 ||| RETREEEEATING.
 11364 | Lair:3   | 11364 ||| RETREEEEATING.
 11365 | Lair:3   | 11365 ||| RETREEEEATING.
 11819 | Lair:4   | Identified the +6 war axe of Meaxus {heavy, rN+ Will+ rCorr
                  | Stlth+}
 11840 | Lair:4   | Reached skill level 12 in Fighting
 11863 | Lair:4   | Found a viscous altar of Jiyva.
 11864 | Lair:4   | Found a staircase to the Slime Pits.
 12034 | Lair:4   | 12034 ||| RETREEEEATING.
 12041 | Lair:4   | 12041 ||| RETREEEEATING.
 12042 | Lair:4   | 12042 ||| RETREEEEATING.
 12043 | Lair:4   | 12043 ||| RETREEEEATING.
 12044 | Lair:4   | 12044 ||| RETREEEEATING.
 12045 | Lair:4   | 12045 ||| RETREEEEATING.
 12046 | Lair:4   | 12046 ||| RETREEEEATING.
 12047 | Lair:4   | 12047 ||| RETREEEEATING.
 12048 | Lair:4   | 12048 ||| RETREEEEATING.
 12049 | Lair:4   | 12049 ||| RETREEEEATING.
 12050 | Lair:4   | 12050 ||| RETREEEEATING.
 12051 | Lair:4   | 12051 ||| RETREEEEATING.
 12052 | Lair:4   | 12052 ||| RETREEEEATING.
 12053 | Lair:4   | 12053 ||| RETREEEEATING.
 12065 | Lair:4   | 12065 ||| FLEEEEING.
 12184 | Lair:4   | Noticed Nessos
 12185 | Lair:4   | 12185 ||| INVOKING Finesse.
 12188 | Lair:4   | Killed Nessos
 12213 | Lair:4   | 12213 ||| FLEEEEING.
 12229 | Lair:4   | 12229 ||| SWAPPING to +3 longbow of flaming.
 12230 | Lair:4   | 12230 ||| DROPPING +0 heavy orcbow.
 12362 | Lair:4   | Noticed Snorg
 12363 | Lair:4   | 12363 ||| INVOKING Finesse.
 12374 | Lair:4   | Killed Snorg
 12431 | Lair:4   | 12431 ||| RETREEEEATING.
 12432 | Lair:4   | 12432 ||| RETREEEEATING.
 12433 | Lair:4   | 12433 ||| RETREEEEATING.
 12434 | Lair:4   | 12434 ||| RETREEEEATING.
 12435 | Lair:4   | 12435 ||| RETREEEEATING.
 12436 | Lair:4   | 12436 ||| RETREEEEATING.
 12437 | Lair:4   | 12437 ||| RETREEEEATING.
 12438 | Lair:4   | 12438 ||| RETREEEEATING.
 12448 | Lair:4   | 12448 ||| RETREEEEATING.
 12466 | Lair:4   | 12466 ||| INVOKING Finesse.
 12573 | Lair:4   | 12573 ||| UPGRADING to ring of see invisible.
 12574 | Lair:4   | 12574 ||| READING scroll of identify.
 12574 | Lair:4   | 12574 ||| IDENTIFYING fizzy golden potion
 12612 | Lair:5   | Entered Level 5 of the Lair of Beasts
 12797 | Lair:5   | Received a gift from Okawaru
 12879 | Lair:5   | 12879 ||| RETREEEEATING.
 12880 | Lair:5   | 12880 ||| RETREEEEATING.
 12881 | Lair:5   | 12881 ||| RETREEEEATING.
 12882 | Lair:5   | 12882 ||| RETREEEEATING.
 12883 | Lair:5   | 12883 ||| RETREEEEATING.
 12884 | Lair:5   | 12884 ||| RETREEEEATING.
 12885 | Lair:5   | 12885 ||| ZAPPING wand of quicksilver (4) at 1,-2 (black
                  | bear; floor).
 12898 | Lair:5   | Gained mutation: Your large and strong wings let you fly.
                  | [Gargoyle growth]
 12898 | Lair:5   | Reached XP level 14. HP: 68/92 MP: 21/21
 12900 | Lair:5   | 12900 ||| FLEEEEING.
 13005 | Lair:5   | 13005 ||| RETREEEEATING.
 13007 | Lair:5   | 13007 ||| RETREEEEATING.
 13008 | Lair:5   | 13008 ||| RETREEEEATING.
 13009 | Lair:5   | 13009 ||| RETREEEEATING.
 13010 | Lair:5   | 13010 ||| RETREEEEATING.
 13011 | Lair:5   | 13011 ||| RETREEEEATING.
 13012 | Lair:5   | 13012 ||| RETREEEEATING.
 13013 | Lair:5   | 13013 ||| RETREEEEATING.
 13050 | Lair:5   | 13050 ||| FLEEEEING.
 13156 | Lair:5   | 13156 ||| RETREEEEATING.
 13159 | Lair:5   | 13159 ||| RETREEEEATING.
 13161 | Lair:5   | 13161 ||| RETREEEEATING.
 13164 | Lair:5   | 13164 ||| RETREEEEATING.
 13181 | Lair:5   | Reached ****** piety under Okawaru
 13199 | Lair:5   | 13199 ||| INVOKING Receive Weapon.
 13199 | Lair:5   | 13199 ||| ACQUIRING +6 longbow of flaming
 13199 | Lair:5   | Acquired a +6 longbow of flaming
 13199 | Lair:5   | Received a gift from Okawaru
 13200 | Lair:5   | 13200 ||| INVOKING Receive Armour.
 13200 | Lair:5   | 13200 ||| ACQUIRING +1 pair of gloves of the Accordion
                  | {rElec rCorr}
 13200 | Lair:5   | Acquired the +1 pair of gloves of the Accordion {rElec
                  | rCorr}
 13200 | Lair:5   | Received a gift from Okawaru
 13202 | Lair:5   | 13202 ||| SWAPPING to +6 longbow of flaming.
 13203 | Lair:5   | 13203 ||| DROPPING +3 longbow of flaming.
 13228 | Lair:5   | Identified the +8 spear "Wyunap" {venom, +Blink Str+3
                  | Stlth+}
 13319 | Lair:5   | Received a gift from Okawaru
 13348 | Lair:5   | 13348 ||| RETREEEEATING.
 13353 | Lair:5   | 13353 ||| INVOKING Finesse.
 13513 | Lair:5   | Reached skill level 18 in Ranged Weapons
 13527 | Lair:5   | 13527 ||| FLEEEEING.
 13661 | Lair:5   | Reached skill level 6 in Dodging
 13756 | Lair:5   | 13756 ||| INVOKING Finesse.
 13757 | Lair:5   | 13757 ||| INVOKING Heroism.
 14095 | Lair:5   | 14095 ||| PLANNING D
 14095 | Lair:5   | 14095 ||| UPGRADING to +1 pair of gloves of the Accordion
                  | {rElec rCorr}.
 14105 | Lair:5   | 14105 ||| DROPPING +1 Delatra's gloves {ID++}.
 14106 | Lair:5   | 14106 ||| DRINKING 2 fizzy pink potions.
 14261 | D:12     | Noticed Erolcha
 14262 | D:12     | 14262 ||| RETREEEEATING.
 14263 | D:12     | 14263 ||| RETREEEEATING.
 14264 | D:12     | 14264 ||| INVOKING Finesse.
 14264 | Abyss:1  | Cast into level 1 of the Abyss (Erolcha)
 14296 | Abyss:1  | Found a corrupted altar of Lugonu.
 14329 | Abyss:1  | Found a corrupted altar of Lugonu.
 14373 | Abyss:1  | Noticed a tentacled starspawn
 14373 | Abyss:1  | 14373 ||| INVOKING Finesse.
 14384 | Abyss:1  | Killed a tentacled starspawn
 14417 | Abyss:1  | Found a bloodstained altar of Trog.
 14437 | Abyss:1  | 14437 ||| INVOKING Finesse.
 14445 | Abyss:1  | 14445 ||| INVOKING Heroism.
 14502 | Abyss:1  | Found a bloodstained altar of Trog.
 14516 | Abyss:1  | 14516 ||| INVOKING Finesse.
 14517 | Abyss:1  | 14517 ||| INVOKING Heroism.
 14609 | Abyss:1  | 14609 ||| INVOKING Finesse.
 14610 | Abyss:1  | 14610 ||| INVOKING Heroism.
 14669 | Abyss:1  | Noticed a tentacled starspawn
 14671 | Abyss:1  | 14671 ||| INVOKING Finesse.
 14676 | Abyss:1  | Killed a tentacled starspawn
 14738 | Abyss:1  | Noticed a lich
 14739 | Abyss:1  | 14739 ||| INVOKING Finesse.
 14755 | Abyss:1  | Killed a lich
 14800 | Abyss:1  | Noticed a deep elf elementalist
 14802 | Abyss:1  | 14802 ||| INVOKING Finesse.
 14820 | Abyss:1  | Killed a deep elf elementalist
 14843 | D:12     | Escaped the Abyss
 14846 | D:12     | 14846 ||| INVOKING Finesse.
 14851 | D:12     | Killed Erolcha
 14853 | D:12     | 14853 ||| RETREEEEATING.
 14855 | D:12     | 14855 ||| RETREEEEATING.
 14856 | D:12     | 14856 ||| RETREEEEATING.
 14859 | D:12     | Reached skill level 13 in Fighting
 14860 | D:12     | 14860 ||| RETREEEEATING.
 14861 | D:12     | 14861 ||| RETREEEEATING.
 14862 | D:12     | 14862 ||| RETREEEEATING.
 14867 | D:12     | 14867 ||| READING 6 scrolls of teleportation.
 15004 | D:12     | Found a staircase to the Orcish Mines.
 15035 | D:12     | Reached XP level 15. HP: 98/98 MP: 22/22
 15568 | D:12     | 15568 ||| READING scroll labelled ECORA OLUCAUCKAR.
 15569 | D:12     | 15569 ||| DRINKING 2 lumpy grey potions.
 15570 | D:12     | 15570 ||| DROPPING potion of degeneration.
 15605 | D:13     | Reached skill level 9 in Armour
 15686 | D:13     | 15686 ||| FLEEEEING.
 15902 | D:13     | Found Taiczuis's Armour Boutique.
 15920 | D:13     | 15920 ||| BUYING +2 helmet "Ostreduga" {-Cast +Blink Int-2
                  | SInv} (344 gold).
 15920 | D:13     | Bought the +2 helmet "Ostreduga" {-Cast +Blink Int-2 SInv}
                  | for 344 gold pieces
 16266 | D:13     | 16266 ||| DROPPING +2 ring mail of poison resistance.
 16267 | D:13     | 16267 ||| DROPPING +1 leather armour of poison resistance.
 16286 | D:14     | Received a gift from Okawaru
 16394 | D:14     | 16394 ||| READING scroll of enchant weapon.
 16394 | D:14     | 16394 ||| ENCHANTING +6 longbow of flaming.
 16434 | D:14     | 16434 ||| FLEEEEING.
 16821 | D:14     | 16821 ||| FLEEEEING.
 16917 | D:14     | 16917 ||| FLEEEEING.
 16988 | D:14     | Found a gate to the Vaults.
 17007 | D:14     | 17007 ||| RETREEEEATING.
 17008 | D:14     | 17008 ||| RETREEEEATING.
 17009 | D:14     | 17009 ||| RETREEEEATING.
 17010 | D:14     | 17010 ||| RETREEEEATING.
 17011 | D:14     | 17011 ||| RETREEEEATING.
 17012 | D:14     | 17012 ||| RETREEEEATING.
 17013 | D:14     | 17013 ||| RETREEEEATING.
 17014 | D:14     | 17014 ||| RETREEEEATING.
 17015 | D:14     | 17015 ||| RETREEEEATING.
 17016 | D:14     | 17016 ||| RETREEEEATING.
 17018 | D:14     | 17018 ||| RETREEEEATING.
 17019 | D:14     | 17019 ||| RETREEEEATING.
 17037 | D:14     | 17037 ||| DRINKING 3 viscous cyan potions.
 17037 | D:14     | Gained mutation: You have an increased reservoir of magic.
                  | (+10% MP) [potion of mutation]
 17037 | D:14     | Gained mutation: You are clumsy. (Dex -2) [potion of
                  | mutation]
 17037 | D:14     | Gained mutation: Your movements are slightly less
                  | encumbered by armour. (ER -2) [potion of mutation]
 17038 | D:14     | 17038 ||| FLEEEEING.
 17249 | D:14     | 17249 ||| DROPPING ring of willpower.
 17250 | D:14     | 17250 ||| DROPPING ring of resist corrosion.
 17251 | D:14     | 17251 ||| UPGRADING to +5 ring of evasion.
 17320 | D:15     | Entered Level 15 of the Dungeon
 17323 | D:15     | 17323 ||| RETREEEEATING.
 17334 | D:15     | 17334 ||| INVOKING Finesse.
 17481 | D:15     | 17481 ||| RETREEEEATING.
 17496 | D:15     | 17496 ||| RETREEEEATING.
 17497 | D:15     | 17497 ||| RETREEEEATING.
 17499 | D:15     | 17499 ||| ZAPPING wand of quicksilver (3) at 0,2
                  | (two-headed ogre; floor).
 17503 | D:15     | 17503 ||| RETREEEEATING.
 17511 | D:15     | Received a gift from Okawaru
 17678 | D:15     | 17678 ||| INVOKING Finesse.
 17679 | D:15     | 17679 ||| INVOKING Finesse.
 17751 | D:15     | Reached skill level 14 in Fighting
 17764 | D:15     | 17764 ||| FLEEEEING.
 17797 | D:15     | Found a staircase to the Depths.
 18305 | D:15     | 18305 ||| PLANNING ORC
 18305 | D:15     | 18305 ||| READING 3 scrolls of identify.
 18305 | D:15     | 18305 ||| IDENTIFYING glowing grey potion
 18306 | D:15     | 18306 ||| DROPPING potion of invisibility.
 18396 | Orc:1    | Entered Level 1 of the Orcish Mines
 18414 | Orc:1    | Noticed Harold
 18431 | Orc:1    | Killed Harold
 18446 | Orc:1    | 18446 ||| FLEEEEING.
 18454 | Orc:1    | 18454 ||| STAIRDANCE
 18556 | D:12     | 18556 ||| FLEEEEING.
 18682 | Orc:1    | 18682 ||| FLEEEEING.
 18741 | Orc:1    | Found Viugh's Overcharged Wands.
 18753 | Orc:1    | 18753 ||| BUYING wand of iceblast (18) (648 gold).
 18753 | Orc:1    | Bought a wand of iceblast (18) for 648 gold pieces
 18753 | Orc:1    | 18753 ||| SHOPLISTING wand of iceblast (18) (648 gold, have
                  | 256).
 18753 | Orc:1    | 18753 ||| SHOPLISTING wand of paralysis (18) (648 gold,
                  | have 256).
 18753 | Orc:1    | 18753 ||| SHOPLISTING wand of polymorph (18) (378 gold,
                  | have 256).
 19028 | Orc:2    | Entered Level 2 of the Orcish Mines
 19028 | Orc:2    | Found a staircase to the Elven Halls.
 19136 | Orc:2    | 19136 ||| RETREEEEATING.
 19315 | Orc:2    | Found a radiant altar of Vehumet.
 19320 | Orc:2    | 19320 ||| ZAPPING wand of quicksilver (2) at 2,-3 (ogre
                  | mage; floor).
 19321 | Orc:2    | 19321 ||| INVOKING Finesse.
 19325 | Orc:2    | Reached skill level 15 in Fighting
 19374 | Orc:2    | Found Nofyfur's Book Shoppe.
 19386 | Orc:2    | Noticed Nergalle
 19401 | Orc:2    | Reached XP level 16. HP: 108/108 MP: 25/25
 19402 | Orc:2    | Received a gift from Okawaru
 19407 | Orc:2    | Killed Nergalle
 19479 | Orc:2    | 19479 ||| RETREEEEATING.
 19495 | Orc:2    | 19495 ||| ZAPPING wand of quicksilver (1) at 2,1 (orc
                  | sorcerer; floor).
 19669 | Orc:1    | Found Xunar's Book Boutique.
 19995 | Orc:2    | Found Qaysurafys's Antique Armour Emporium.
 20002 | Orc:2    | 20002 ||| SHOPLISTING +5 robe of Night {Dark Will+ SInv}
                  | (2580 gold, have 936).
 20002 | Orc:2    | 20002 ||| BUYING dyed leather armour (215 gold).
 20002 | Orc:2    | Bought a dyed leather armour for 215 gold pieces
 20002 | Orc:2    | 20002 ||| BUYING pair of glowing boots (322 gold).
 20002 | Orc:2    | Bought a pair of glowing boots for 322 gold pieces
 20002 | Orc:2    | 20002 ||| BUYING runed ring mail (301 gold).
 20002 | Orc:2    | Bought a runed ring mail for 301 gold pieces
 20015 | Orc:2    | Found an ancient bone altar of Kikubaaqudgha.
 20041 | Orc:2    | 20041 ||| DROPPING +0 pair of boots of stealth.
 20042 | Orc:2    | 20042 ||| DROPPING +2 ring mail of poison resistance.
 20060 | Orc:2    | Found Kenwetz's Distillery.
 20076 | Orc:2    | Found Jebap's Magic Scroll Emporium.
 20078 | Orc:2    | 20078 ||| BUYING potion of might (60 gold).
 20078 | Orc:2    | Bought a potion of might for 60 gold pieces
 20078 | Orc:2    | 20078 ||| SHOPLISTING potion of resistance (150 gold, have
                  | 38).
 20086 | Orc:2    | 20086 ||| SHOPLISTING scroll of enchant armour (135 gold,
                  | have 38).
 20086 | Orc:2    | 20086 ||| BUYING scroll of identify (36 gold).
 20086 | Orc:2    | Bought a scroll of identify for 36 gold pieces
 20086 | Orc:2    | 20086 ||| SHOPLISTING scroll of identify (36 gold, have 2).
 20147 | Orc:2    | 20147 ||| PLANNING SWAMP:1-3
 20358 | Swamp:1  | Entered Level 1 of the Swamp
 20585 | Swamp:1  | 20585 ||| FLEEEEING.
 20661 | Swamp:1  | 20661 ||| FLEEEEING.
 20726 | Swamp:1  | 20726 ||| FLEEEEING.
 21070 | Swamp:1  | 21070 ||| READING 3 scrolls of identify.
 21070 | Swamp:1  | 21070 ||| IDENTIFYING scroll labelled VYHAURR ORUAVA
 21071 | Swamp:1  | 21071 ||| DROPPING scroll of torment.
 21107 | Swamp:2  | 21107 ||| STAIRDANCE
 21144 | Swamp:2  | Received a gift from Okawaru
 21150 | Swamp:2  | 21150 ||| READING scroll of enchant weapon.
 21150 | Swamp:2  | 21150 ||| ENCHANTING +7 longbow of flaming.
 21172 | Swamp:2  | Reached skill level 16 in Fighting
 21232 | Swamp:2  | Noticed Louise
 21241 | Abyss:2  | Found a corrupted altar of Lugonu.
 21241 | Abyss:2  | Cast into level 2 of the Abyss (Louise)
 21409 | Abyss:3  | 21409 ||| INVOKING Finesse.
 21410 | Abyss:3  | 21410 ||| INVOKING Heroism.
 21467 | Abyss:3  | Received a gift from Okawaru
 21517 | Abyss:3  | Noticed a tentacled starspawn
 21518 | Abyss:3  | 21518 ||| INVOKING Finesse.
 21524 | Abyss:3  | Killed a tentacled starspawn
 21545 | Swamp:2  | Escaped the Abyss
 21569 | Swamp:2  | Killed Louise
 21733 | Swamp:2  | Reached skill level 17 in Fighting
 21758 | Swamp:2  | 21758 ||| RETREEEEATING.
 21759 | Swamp:2  | 21759 ||| RETREEEEATING.
 21760 | Swamp:2  | 21760 ||| INVOKING Finesse.
 21772 | Swamp:2  | 21772 ||| Stepping ~*~*~tactically~*~*~ (cloud).
 21810 | Swamp:2  | Received a gift from Okawaru
 22006 | Swamp:3  | 22006 ||| FLEEEEING.
 22140 | Swamp:3  | 22140 ||| FLEEEEING.
 22145 | Swamp:3  | 22145 ||| FLEEEEING.
 22146 | Swamp:3  | 22146 ||| FLEEEEING.
 22147 | Swamp:3  | 22147 ||| FLEEEEING.
 22148 | Swamp:3  | 22148 ||| FLEEEEING.
 22149 | Swamp:3  | 22149 ||| FLEEEEING.
 22150 | Swamp:3  | 22150 ||| FLEEEEING.
 22151 | Swamp:3  | 22151 ||| FLEEEEING.
 22152 | Swamp:3  | 22152 ||| FLEEEEING.
 22216 | Swamp:3  | Reached skill level 9 in Dodging
 22216 | Swamp:3  | Reached XP level 17. HP: 117/117 MP: 26/26
 22224 | Swamp:3  | Noticed a tentacled monstrosity
 22225 | Swamp:3  | Found a transporter.
 22230 | Swamp:3  | Noticed Zatibaps's ghost (journeyman FeAl)
 22231 | Swamp:3  | Found a transporter.
 22235 | Swamp:3  | 22235 ||| FLEEEEING.
 22822 | Swamp:3  | 22822 ||| PLANNING SPIDER:1-3
 22822 | Swamp:3  | 22822 ||| DROPPING amulet of magic regeneration.
 22982 | Spider:1 | Entered Level 1 of the Spider Nest
 22983 | Spider:1 | 22983 ||| STAIRDANCE
 22987 | Spider:1 | 22987 ||| STAIRDANCE
 22994 | Lair:2   | 22994 ||| FLEEEEING.
 23155 | Spider:1 | 23155 ||| RETREEEEATING.
 23158 | Spider:1 | 23158 ||| INVOKING Finesse.
 23298 | Spider:1 | Received a gift from Okawaru
 23309 | Spider:1 | 23309 ||| FLEEEEING.
 23337 | Spider:1 | 23337 ||| RETREEEEATING.
 23338 | Spider:1 | 23338 ||| RETREEEEATING.
 23339 | Spider:1 | 23339 ||| RETREEEEATING.
 23340 | Spider:1 | 23340 ||| RETREEEEATING.
 23341 | Spider:1 | 23341 ||| RETREEEEATING.
 23342 | Spider:1 | 23342 ||| RETREEEEATING.
 23349 | Spider:1 | Reached skill level 18 in Fighting
 23394 | Spider:1 | 23394 ||| RETREEEEATING.
 23395 | Spider:1 | 23395 ||| RETREEEEATING.
 23396 | Spider:1 | 23396 ||| RETREEEEATING.
 23399 | Spider:1 | 23399 ||| RETREEEEATING.
 23400 | Spider:1 | 23400 ||| RETREEEEATING.
 23401 | Spider:1 | 23401 ||| RETREEEEATING.
 23403 | Spider:1 | 23403 ||| RETREEEEATING.
 23522 | Spider:1 | 23522 ||| RETREEEEATING.
 23523 | Spider:1 | 23523 ||| RETREEEEATING.
 23547 | Spider:1 | Reached skill level 12 in Armour
 23548 | Spider:1 | 23548 ||| FLEEEEING.
 23682 | Spider:1 | 23682 ||| READING scroll of enchant armour.
 23682 | Spider:1 | 23682 ||| ENCHANTING +0 pair of boots.
 23760 | Spider:1 | Found a runed translucent door.
 23761 | Spider:1 | Noticed Beorghan's ghost (adept MiBe)
 23761 | Spider:1 | Found the +4 consecrated labrys {holy, Valiant ^Fragile Fly
                  | SInv}
 23855 | Spider:1 | 23855 ||| INVOKING Finesse.
 24113 | Spider:2 | 24113 ||| RETREEEEATING.
 24114 | Spider:2 | 24114 ||| RETREEEEATING.
 24115 | Spider:2 | 24115 ||| RETREEEEATING.
 24116 | Spider:2 | 24116 ||| RETREEEEATING.
 24117 | Spider:2 | 24117 ||| RETREEEEATING.
 24118 | Spider:2 | 24118 ||| INVOKING Finesse.
 24132 | Spider:2 | Received a gift from Okawaru
 24283 | Spider:2 | 24283 ||| RETREEEEATING.
 24284 | Spider:2 | 24284 ||| RETREEEEATING.
 24285 | Spider:2 | 24285 ||| RETREEEEATING.
 24286 | Spider:2 | 24286 ||| RETREEEEATING.
 24287 | Spider:2 | 24287 ||| RETREEEEATING.
 24288 | Spider:2 | 24288 ||| RETREEEEATING.
 24318 | Spider:2 | 24318 ||| DRINKING 5 potions of curing.
 24318 | Spider:2 | 24318 ||| (to cure confusion)
 24323 | Spider:2 | 24323 ||| DRINKING 4 potions of curing.
 24323 | Spider:2 | 24323 ||| (to cure confusion)
 24325 | Spider:2 | 24325 ||| FLEEEEING.
 24447 | Spider:2 | Reached skill level 19 in Fighting
 24593 | Spider:2 | 24593 ||| RETREEEEATING.
 24603 | Spider:2 | 24603 ||| FLEEEEING.
 24610 | Spider:2 | Received a gift from Okawaru
 24672 | Spider:2 | 24672 ||| FLEEEEING.
 24941 | Spider:2 | 24941 ||| INVOKING Finesse.
 25040 | Spider:2 | 25040 ||| RETREEEEATING.
 25041 | Spider:2 | 25041 ||| RETREEEEATING.
 25042 | Spider:2 | 25042 ||| RETREEEEATING.
 25043 | Spider:2 | 25043 ||| RETREEEEATING.
 25044 | Spider:2 | 25044 ||| RETREEEEATING.
 25045 | Spider:2 | 25045 ||| RETREEEEATING.
 25304 | Spider:3 | Reached XP level 18. HP: 128/128 MP: 28/28
 25355 | Spider:3 | 25355 ||| RETREEEEATING.
 25356 | Spider:3 | 25356 ||| RETREEEEATING.
 25357 | Spider:3 | 25357 ||| RETREEEEATING.
 25382 | Spider:3 | Received a gift from Okawaru
 25406 | Spider:3 | 25406 ||| RETREEEEATING.
 25408 | Spider:3 | 25408 ||| INVOKING Finesse.
 25426 | Spider:3 | 25426 ||| RETREEEEATING.
 25427 | Spider:3 | 25427 ||| RETREEEEATING.
 25428 | Spider:3 | 25428 ||| INVOKING Heroism.
 25429 | Spider:3 | 25429 ||| DRINKING potion of haste.
 25433 | Spider:3 | 25433 ||| DRINKING 3 potions of curing.
 25433 | Spider:3 | 25433 ||| (to cure confusion)
 25470 | Spider:3 | 25470 ||| RETREEEEATING.
 25471 | Spider:3 | 25471 ||| RETREEEEATING.
 25472 | Spider:3 | 25472 ||| RETREEEEATING.
 25473 | Spider:3 | 25473 ||| RETREEEEATING.
 25478 | Spider:3 | 25478 ||| RETREEEEATING.
 25479 | Spider:3 | 25479 ||| RETREEEEATING.
 25480 | Spider:3 | 25480 ||| RETREEEEATING.
 25484 | Spider:3 | 25484 ||| RETREEEEATING.
 25489 | Spider:3 | 25489 ||| RETREEEEATING.
 25490 | Spider:3 | 25490 ||| RETREEEEATING.
 25491 | Spider:3 | 25491 ||| RETREEEEATING.
 25492 | Spider:3 | 25492 ||| RETREEEEATING.
 25493 | Spider:3 | 25493 ||| RETREEEEATING.
 25494 | Spider:3 | 25494 ||| RETREEEEATING.
 25494 | Spider:3 | HP: 31/128 [jumping spider (8)]
 25495 | Spider:3 | 25495 ||| READING 8 scrolls of teleportation.
 25496 | Spider:3 | 25496 ||| DRINKING 4 potions of heal wounds.
 25498 | Spider:3 | 25498 ||| ZAPPING wand of quicksilver (14) at 3,2 (orb
                  | spider; floor).
 25499 | Spider:3 | 25499 ||| FLEEEEING.
 25746 | Spider:3 | 25746 ||| READING scroll of brand weapon.
 25746 | Spider:3 | 25746 ||| BRANDING +8 longbow of flaming.
 25837 | Spider:3 | Identified the +0 leather armour of the Unbroken {rC+ Int+3
                  | Stlth-}
 25894 | Spider:3 | 25894 ||| FLEEEEING.
 26587 | Spider:3 | 26587 ||| PLANNING SWAMP:4
 26587 | Spider:3 | 26587 ||| DROPPING +0 leather armour of the Unbroken {rC+
                  | Int+3 Stlth-}.
 26588 | Spider:3 | 26588 ||| DROPPING wand of mindburst (8).
 26785 | Swamp:4  | Entered Level 4 of the Swamp
 26786 | Swamp:4  | 26786 ||| RETREEEEATING.
 26787 | Swamp:4  | 26787 ||| INVOKING Finesse.
 26795 | Swamp:4  | 26795 ||| INVOKING Heroism.
 26806 | Swamp:4  | 26806 ||| RETREEEEATING.
 26807 | Swamp:4  | 26807 ||| RETREEEEATING.
 26814 | Swamp:4  | Reached skill level 20 in Fighting
 26819 | Swamp:4  | 26819 ||| Stepping ~*~*~tactically~*~*~ (cloud).
 26859 | Swamp:4  | 26859 ||| RETREEEEATING.
 26860 | Swamp:4  | 26860 ||| RETREEEEATING.
 26861 | Swamp:4  | 26861 ||| RETREEEEATING.
 26862 | Swamp:4  | 26862 ||| RETREEEEATING.
 26863 | Swamp:4  | 26863 ||| RETREEEEATING.
 26864 | Swamp:4  | 26864 ||| RETREEEEATING.
 26865 | Swamp:4  | 26865 ||| RETREEEEATING.
 26866 | Swamp:4  | 26866 ||| RETREEEEATING.
 26867 | Swamp:4  | 26867 ||| RETREEEEATING.
 26868 | Swamp:4  | 26868 ||| RETREEEEATING.
 26869 | Swamp:4  | 26869 ||| RETREEEEATING.
 26870 | Swamp:4  | 26870 ||| RETREEEEATING.
 26871 | Swamp:4  | 26871 ||| RETREEEEATING.
 26872 | Swamp:4  | 26872 ||| RETREEEEATING.
 26873 | Swamp:4  | 26873 ||| INVOKING Finesse.
 27186 | Swamp:4  | Received a gift from Okawaru
 27240 | Swamp:4  | 27240 ||| FLEEEEING.
 27253 | Swamp:4  | Reached skill level 21 in Fighting
 27309 | Swamp:4  | Got a decaying rune of Zot
 27586 | Swamp:4  | 27586 ||| PLANNING VAULTS:1-4
 27872 | Vaults:1 | Entered Level 1 of the Vaults
 27942 | Vaults:1 | 27942 ||| RETREEEEATING.
 27955 | Vaults:1 | Received a gift from Okawaru
 28022 | Vaults:1 | 28022 ||| INVOKING Finesse.
 28024 | Vaults:1 | 28024 ||| RETREEEEATING.
 28092 | Vaults:1 | 28092 ||| INVOKING Finesse.
 28206 | Vaults:1 | 28206 ||| INVOKING Finesse.
 28235 | Vaults:1 | 28235 ||| FLEEEEING.
 28469 | Vaults:1 | 28469 ||| FLEEEEING.
 28586 | Vaults:1 | 28586 ||| ZAPPING wand of quicksilver (13) at 3,-1
                  | (ironbound frostheart; floor).
 28589 | Vaults:1 | 28589 ||| ZAPPING wand of quicksilver (12) at 3,-1
                  | (ironbound frostheart; floor).
 28591 | Vaults:1 | 28591 ||| INVOKING Finesse.
 28793 | Vaults:1 | 28793 ||| FLEEEEING.
 28797 | Vaults:1 | 28797 ||| FLEEEEING.
 28798 | Vaults:1 | 28798 ||| FLEEEEING.
 28799 | Vaults:1 | 28799 ||| FLEEEEING.
 28800 | Vaults:1 | 28800 ||| FLEEEEING.
 28801 | Vaults:1 | 28801 ||| FLEEEEING.
 28807 | Vaults:1 | 28807 ||| FLEEEEING.
 28808 | Vaults:1 | 28808 ||| FLEEEEING.
 28809 | Vaults:1 | 28809 ||| FLEEEEING.
 28810 | Vaults:1 | 28810 ||| FLEEEEING.
 28814 | Vaults:1 | 28814 ||| FLEEEEING.
 28815 | Vaults:1 | 28815 ||| FLEEEEING.
 28816 | Vaults:1 | 28816 ||| FLEEEEING.
 28830 | Vaults:1 | 28830 ||| FLEEEEING.
 28831 | Vaults:1 | 28831 ||| FLEEEEING.
 28833 | Vaults:1 | 28833 ||| FLEEEEING.
 28834 | Vaults:1 | 28834 ||| FLEEEEING.
 28835 | Vaults:1 | 28835 ||| FLEEEEING.
 28836 | Vaults:1 | 28836 ||| FLEEEEING.
 28837 | Vaults:1 | 28837 ||| FLEEEEING.
 28838 | Vaults:1 | 28838 ||| FLEEEEING.
 28839 | Vaults:1 | 28839 ||| STAIRDANCE
 28960 | Vaults:1 | 28960 ||| STAIRDANCE
 28962 | D:14     | 28962 ||| FLEEEEING.
 29170 | Vaults:1 | 29170 ||| ZAPPING wand of quicksilver (11) at -4,3
                  | (ironbound thunderhulk; floor).
 29171 | Vaults:1 | 29171 ||| ZAPPING wand of quicksilver (10) at -3,2
                  | (ironbound thunderhulk; floor).
 29172 | Vaults:1 | 29172 ||| ZAPPING wand of quicksilver (9) at -2,1
                  | (ironbound thunderhulk; floor).
 29173 | Vaults:1 | 29173 ||| INVOKING Finesse.
 29301 | Vaults:1 | 29301 ||| ZAPPING wand of quicksilver (8) at 2,-1
                  | (arcanist; floor).
 29305 | Vaults:1 | Reached XP level 19. HP: 137/137 MP: 29/29
 29319 | Vaults:1 | 29319 ||| FLEEEEING.
 29435 | Vaults:1 | 29435 ||| FLEEEEING.
 29436 | Vaults:1 | 29436 ||| FLEEEEING.
 29437 | Vaults:1 | 29437 ||| FLEEEEING.
 29438 | Vaults:1 | 29438 ||| FLEEEEING.
 29439 | Vaults:1 | 29439 ||| FLEEEEING.
 29440 | Vaults:1 | 29440 ||| FLEEEEING.
 29441 | Vaults:1 | 29441 ||| FLEEEEING.
 29442 | Vaults:1 | 29442 ||| FLEEEEING.
 29454 | Vaults:1 | Received a gift from Okawaru
 29566 | Vaults:1 | 29566 ||| RETREEEEATING.
 29567 | Vaults:1 | 29567 ||| RETREEEEATING.
 29569 | Vaults:1 | 29569 ||| RETREEEEATING.
 29572 | Vaults:1 | 29572 ||| RETREEEEATING.
 29573 | Vaults:1 | 29573 ||| RETREEEEATING.
 29578 | Vaults:1 | 29578 ||| RETREEEEATING.
 29585 | Vaults:1 | 29585 ||| RETREEEEATING.
 29586 | Vaults:1 | 29586 ||| RETREEEEATING.
 29587 | Vaults:1 | 29587 ||| RETREEEEATING.
 29588 | Vaults:1 | 29588 ||| RETREEEEATING.
 29738 | Vaults:2 | 29738 ||| FLEEEEING.
 29739 | Vaults:2 | 29739 ||| FLEEEEING.
 29767 | Vaults:2 | 29767 ||| ZAPPING wand of quicksilver (7) at 6,-5 (orc
                  | knight; floor).
 29768 | Vaults:2 | 29768 ||| ZAPPING wand of quicksilver (6) at 6,-5 (orc
                  | warlord; floor).
 29769 | Vaults:2 | 29769 ||| ZAPPING wand of quicksilver (5) at 5,-4 (orc
                  | knight; floor).
 29770 | Vaults:2 | 29770 ||| INVOKING Finesse.
 29834 | Vaults:2 | 29834 ||| INVOKING Finesse.
 29865 | Vaults:2 | HP: 24/139 [ironbound frostheart/creeping frost[a vault
                  | warden] (23)]
 29866 | Vaults:2 | 29866 ||| READING 7 scrolls of teleportation.
 29866 | Vaults:2 | Killed from afar by an ironbound frostheart

Levels and vault maps discovered:
D:1:      dpeg_arrival_ternary, layout_basic, dilly_ecumenical_altar_fadedgnrine
D:2:      layout_loops_ring, pf_guarded_unrand_delatra
D:3:      layout_rooms, lemuel_doored_altar,
          mainiacjoe_overflow_concentric_impassable
D:4:      layout_loops_cross, mainiacjoe_overflow_chevrons,
          grunt_temple_overflow_diamond, mainiacjoe_overflow_tiny_flanked,
          uniq_grinder, uniq_robin
D:5:      layout_loops_ring, uniq_eustachio, uniq_pikel, uniq_blork_the_orc
D:6:      layout_cave_pools, old_standard_altar,
          mainiacjoe_overflow_cross_hatched
D:7:      layout_loops_ring, temple_pool_b
D:8:      layout_loops_ring, kennysheep_generic_room_12
D:9:      layout_layer_cave, overflow_temple_1_default, amcnicky_altar_gilded,
          kennysheep_potato
D:10:     layout_basic, serial_shops, nicolae_shop_just_a_little_nook
D:11:     wad_woods_stonehenge, layout_cave_pools, david_lair_shrubbed,
          nicolae_guarded_unrand_storm_shield
D:12:     layout_loops_ring, hiddenorc2_lemuel, lightli_wizard_tower,
          uniq_erolcha
D:13:     layout_long_grid, serial_shops, shop
D:14:     layout_stronghold, skrybe_vaults_entry_preservation, chequers_garden
D:15:     hangedman_depths_entry_civil_slaughter, layout_basic
Lair:1:   layout_cave_pods, uniq_jeremiah
Lair:2:   layout_layer_cave, spider_nest_entry_webs,
          portal_ice_cave_entry_pillars_2, lemuel_fruit_tree,
          serial_bayou_shore_b
Lair:3:   layout_cave_pods, nicolae_swamp_entry_splash_gauntlet,
          nicolae_volcano_entry_batcave
Lair:4:   layout_long_grid, nicolae_slime_entry_slimehenge, lemuel_fruit_fields,
          uniq_nessos, uniq_snorg
Lair:5:   minmay_lair_end_enchanted_forest, layout_layer_cave
Swamp:1:  layout_falls_marsh, nicolae_swamp_big_swirl, nicolae_swamp_treefoil
Swamp:2:  layout_basic_swamp, evilmike_swamp_ruin_house_1, uniq_louise
Swamp:3:  layout_falls_marsh, gammafunk_ghost_arena,
          nicolae_swamp_trees_clearing, swamp_pool_1_2,
          cheibrodos_swamp_minitomb
Swamp:4:  swamp_fiery, layout_basic_swamp
Spider:1: nicolae_spider_hilbert_zone_3 [nicolae_spider_hilbert_4_sides_2_open,
          nicolae_spider_hilbert_3_sides_1_open,
          nicolae_spider_hilbert_3_sides_1_open,
          nicolae_spider_hilbert_3_sides_1_open,
          nicolae_spider_hilbert_3_sides_1_open,
          nicolae_spider_hilbert_4_sides_1_open,
          nicolae_spider_hilbert_4_sides_1_open,
          nicolae_spider_hilbert_4_sides_1_open,
          nicolae_spider_hilbert_4_sides_1_open,
          nicolae_spider_hilbert_4_sides_1_open,
          nicolae_spider_hilbert_4_sides_1_open,
          nicolae_spider_hilbert_4_sides_1_open,
          nicolae_spider_hilbert_4_sides_1_open,
          nicolae_spider_hilbert_3_sides_1_open,
          nicolae_spider_hilbert_3_sides_1_open,
          nicolae_spider_hilbert_3_sides_1_open,
          nicolae_spider_hilbert_3_sides_1_open], ebering_ghost_reflecting_pool
Spider:2: lemuel_spider_zombies
Spider:3: layout_chambers
Orc:1:    layout_caves, serial_shops, shop, nicolae_shop_overcharged_wands,
          uniq_harold
Orc:2:    kennysheep_orc_mage_school, layout_diamond_mine
Vaults:1: vaults_room_grid, nicolae_vaults_closet_pinwheel_5,
          nicolae_vaults_sesquioval_fish, nicolae_vaults_lightning_bolt,
          nicolae_vaults_cochlea, nicolae_vaults_cochlea, v_misc_12, v_misc_33,
          ontoclasm_vaults_spin, vaults_mumra_chevron, layout_vaults_omnicross
Vaults:2: v_alt_pattern_6, vaults_dpeg_diagonal, nicolae_vaults_mitosis,
          grunt_vaults_trifunnel, vaults_room_grid, nicolae_vaults_cochlea,
          nicolae_vaults_ring_of_whatevers, nicolae_vaults_double_plus_1,
          layout_vaults_omnigrid, serial_shops, shop

Skill      XL: |  1  2  3  4  5  6  7  8  9 10 11 12 13 14 15 16 17 18 |
---------------+-------------------------------------------------------+-----
Ranged Weapons | 5 6 7 8 9 11 13 14 15 16 19 20 | 20.0
Fighting       | 3 4 5 8 10 12 13 15 17 19 21 | 21.9
Armour         | 1 2 3 5 6 8 9 11 12 14 | 14.0
Dodging        | 2 3 4 5 6 7 9 10 11 | 11.0
Invocations    | 2 4 7 10 | 10.0
Stealth        | |  1.1

Action                     |  1- 3 |  4- 6 |  7- 9 | 10-12 | 13-15 | 16-18 | 19-21 || total
---------------------------+-------+-------+-------+-------+-------+-------+-------++-------
  Melee: Orcbow            |       |       |       |     2 |       |       |       ||     2
   Fire: Shortbow          |   121 |   184 |   165 |       |       |       |       ||   470
         Orcbow            |       |       |    88 |   600 |   299 |       |       ||   987
         Longbow           |       |       |       |       |  1116 |  1863 |   161 ||  3140
 Invoke: Heroism           |       |       |       |     4 |     4 |     3 |       ||    11
         Finesse           |       |       |       |     9 |    18 |    15 |     2 ||    44
         Receive Weapon    |       |       |       |       |     1 |       |       ||     1
         Receive Armour    |       |       |       |       |     1 |       |       ||     1
  Evoke: Wand              |       |       |     2 |     4 |     6 |     8 |     3 ||    23
    Use: Scroll            |     2 |     8 |     6 |    12 |     5 |     5 |     1 ||    39
         Potion            |       |     1 |       |     5 |     3 |     5 |       ||    14
 Armour: Leather armour    |    34 |     3 |       |       |       |       |       ||    37
         Ring mail         |       |    66 |    30 |   161 |   537 |   765 |    48 ||  1607
         Robe              |       |       |    28 |   188 |       |       |       ||   216
  Dodge: Dodged            |    21 |    66 |    69 |   271 |   410 |   957 |    55 ||  1849

Table legend:
 A = Non-vault XP
 B = Vault XP
 C = Vault XP percentage of total XP
 D = Non-vault monster count
 E = Vault monster count
 F = Vault count percentage of total count
                 A         B        C        D         E       F
            +---------+---------+-------+---------+---------+-------
      Total |  253628 |   84850 |  25.1 |     822 |     277 |  25.2
            +---------+---------+-------+---------+---------+-------
        D:1 |      45 |       0 |   0.0 |      24 |       0 |   0.0
        D:2 |      39 |      41 |  51.2 |      14 |       3 |  17.6
        D:3 |     130 |       0 |   0.0 |      25 |       0 |   0.0
        D:4 |     266 |     297 |  52.8 |      21 |      12 |  36.4
        D:5 |     419 |     948 |  69.3 |      15 |       3 |  16.7
        D:6 |     913 |       0 |   0.0 |      18 |       0 |   0.0
        D:7 |     522 |       0 |   0.0 |      10 |       0 |   0.0
        D:8 |    1831 |     729 |  28.5 |      18 |       3 |  14.3
        D:9 |    3456 |     163 |   4.5 |      23 |       1 |   4.2
       D:10 |    2301 |       0 |   0.0 |      14 |       0 |   0.0
       D:11 |    5885 |    2596 |  30.6 |      17 |       8 |  32.0
       D:12 |    6529 |    1921 |  22.7 |      28 |      35 |  55.6
       D:13 |    5524 |       0 |   0.0 |      16 |       0 |   0.0
       D:14 |    4581 |    4857 |  51.5 |      14 |       9 |  39.1
       D:15 |   10542 |    2768 |  20.8 |      24 |       5 |  17.2
     Lair:1 |    2113 |     388 |  15.5 |       8 |       1 |  11.1
     Lair:2 |    7985 |     372 |   4.5 |      15 |       2 |  11.8
     Lair:3 |   10531 |    1019 |   8.8 |      44 |       7 |  13.7
     Lair:4 |    6452 |    2138 |  24.9 |      24 |      10 |  29.4
     Lair:5 |    9935 |    7703 |  43.7 |      23 |      44 |  65.7
    Swamp:1 |   11034 |       0 |   0.0 |      27 |       0 |   0.0
    Swamp:2 |   12285 |    1213 |   9.0 |      22 |       1 |   4.3
    Swamp:3 |    9065 |    2452 |  21.3 |      18 |       7 |  28.0
    Swamp:4 |   11020 |   18078 |  62.1 |      23 |      30 |  56.6
   Spider:1 |   19130 |    3513 |  15.5 |      58 |       8 |  12.1
   Spider:2 |   18196 |   11767 |  39.3 |      43 |      31 |  41.9
   Spider:3 |   22754 |       0 |   0.0 |      54 |       0 |   0.0
      Orc:1 |    1590 |     865 |  35.2 |      24 |       1 |   4.0
      Orc:2 |    6100 |    7635 |  55.6 |      50 |      38 |  43.2
   Vaults:1 |   23391 |   13387 |  36.4 |      38 |      18 |  32.1
   Vaults:2 |    9752 |       0 |   0.0 |      13 |       0 |   0.0
    Abyss:1 |   15174 |       0 |   0.0 |      27 |       0 |   0.0
    Abyss:2 |    1816 |       0 |   0.0 |       7 |       0 |   0.0
    Abyss:3 |   12322 |       0 |   0.0 |      23 |       0 |   0.0
            +---------+---------+-------+---------+---------+-------
